Capitals vs Flyers

Created - 27 octobre 2025 at 17:26

Goals
1 2 3 T
Capitals 0 1 0 1
Flyers 2 1 1 4
Shots
1 2 3 T
Capitals 12 12 7 31
Flyers 12 14 6 32

GoalsPenalties
1st period
1. Flyers , Leon Draisaitl 4 (Wyatt Johnston 4) at 1:48
2. Flyers , Dylan Holloway 4 (Dylan Cozens 2, John Marino 1) at 9:20
No Penalty
2nd period
3. Capitals , Jake Neighbours 3 (Simon Holmstrom 5, Damon Severson 5) at 6:21
4. Flyers , Wyatt Johnston 1 (Leon Draisaitl 5, Brock Faber 1) at 15:53 (PP)
Jake Neighbours (WAS) for Slashing (Minor) at 15:41
3rd period
5. Flyers , Sam Colangelo 3 (Drew O'Connor 5, Marco Kasper 3) at 8:18
No Penalty
Goalie Stats
Sam Montembeault (WAS), 28 saves from 32 shots - (0,875), L, 3-3-1, 60:00 minutes
Juuse Saros (PHI), 30 saves from 31 shots - (0,968), W, 5-1-0, 60:00 minutes
3 StarsOfficial
1 - Juuse Saros (PHI)
2 - Leon Draisaitl (PHI)
3 - Wyatt Johnston (PHI)
Referees : Jean Hebert and Adam Bloski
Linesman : Greg Devorski and Brian Murphy
Game Note
No Game Note
Finance
Level 1 -- Attendance: 5228 (87,13%) -- Ticket Income $496,660
Level 2 -- Attendance: 5000 (100,00%) -- Ticket Income $270,000
Level 3 -- Attendance: 1925 (96,25%) -- Ticket Income $63,525
Level 4 -- Attendance: 3714 (92,85%) -- Ticket Income $81,708
Luxury Box -- Attendance: 899 (89,90%) -- Ticket Income $148,335
Game was played at the Spectrum.
Total Attendance: 16766 (93,14%)
Total Ticket Income: $1,060,228
Other Income: $519,512
Total Income: $1,579,740



Team Name Goals Shots Shots Attemp Shots Blocked PIM HIT PP PK FO%
Capitals 13164202210 / 0 (0,00%135%
Flyers 43278100221 / 1 (100%)065%

Capitals
Player Name POS G A P +/- PIM HIT SHT SB MP PP MP PP SHT PK MP PK SHT FO% FOT GA TA
000000000:000:0000:0000% 000
000000000:000:0000:0000% 000
Adam FantilliC0000021018:130:0000:00031% 1320
Adam LowryC/LW0001022015:130:0000:00044% 1600
Arttu HyryRW000000309:570:0000:0000% 100
Cam YorkD000-1002318:110:0000:1200% 010
Damon SeversonD0110001221:350:0000:0000% 000
Elias PetterssonC/LW0000011018:130:0000:0000% 200
Isac LundestromC/LW0000011010:090:0000:12060% 511
Jake GuentzelC/LW000-3012016:250:0000:00029% 1710
Jake NeighboursLW1011233015:120:0000:0000% 110
Joel ArmiaLW/RW0000012110:090:0000:1200% 000
Joel Eriksson EkC/LW/RW0000024118:130:0000:000100% 100
Kirill KaprizovLW/RW000-3002116:250:0000:0000% 030
Kris LetangD0000011821:350:0000:0000% 001
Kyle PalmieriLW/RW000-3002216:250:0000:0000% 001
Lian BichselD000-1011117:590:0000:0000% 000
Oliver Ekman-LarssonD000-1040120:140:0000:0000% 001
Simon HolmstromRW0111003015:130:0000:0000% 100
Zach BogosianD000-1020020:260:0000:1200% 001
Flyers
Player Name POS G A P +/- PIM HIT SHT SB MP PP MP PP SHT PK MP PK SHT FO% FOT GA TA
000000000:000:0000:0000% 000
000000000:000:0000:0000% 000
Brock FaberD011-1010120:590:1200:0000% 001
Calle JarnkrokC/LW/RW000001008:360:0000:0000% 010
Denton MateychukD0003020116:000:0000:0000% 001
Drew O'ConnorLW/RW0111002014:040:0000:0000% 100
Dryden HuntLW/RW000001008:360:0000:0000% 000
Dylan CozensC/LW/RW0111032118:050:0000:00061% 2300
Dylan GuentherLW/RW0001004018:050:0000:0000% 010
Dylan HollowayC/LW1011014018:050:0000:0000% 101
Jackson LaCombeD0000020223:010:0000:0000% 021
JJ PeterkaLW/RW0000011019:150:1200:0000% 101
John MarinoD0113001116:000:0000:0000% 000
Kaiden GuhleD000-1020220:590:1200:0000% 001
Leon DraisaitlC/LW1120026119:150:1200:00059% 1700
MacKenzie WeegarD0000022023:010:0000:0000% 002
Marco KasperC0111001014:040:0000:00092% 1200
Sam ColangeloLW/RW1011034014:040:0000:0000% 000
Scott LaughtonC/LW/RW000000008:360:0000:000100% 110
Wyatt JohnstonC/RW1120015119:150:1210:000100% 101

Capitals

5 vs 5 Forward
Line #Left WingCenterRight WingPHYDFOFWanted %Time %Time Play
1Elias PetterssonAdam FantilliJoel Eriksson Ek1133130%18:13
2Kirill KaprizovJake GuentzelKyle Palmieri1132927%16:25
3Jake NeighboursAdam LowrySimon Holmstrom1312725%15:13
4Joel ArmiaIsac LundestromArttu Hyry1311317%9:57
5 vs 5 Defense
Line #DefenseDefensePHYDFOFWanted %Time %Time Play
1Kris LetangDamon Severson1223736%21:35
2Oliver Ekman-LarssonZach Bogosian1223534%20:14
3Lian BichselCam York1222830%17:59
4Oliver Ekman-LarssonKris Letang12200%0:00
Power Play Forward
Line #Left WingCenterRight WingPHYDFOFWanted %Time %Time Play
1Elias PetterssonJoel Eriksson EkKirill Kaprizov005600%0:00
2Jake GuentzelAdam FantilliKyle Palmieri005400%0:00
Power Play Defense
Line #DefenseDefensePHYDFOFWanted %Time %Time Play
1Oliver Ekman-LarssonKris Letang113700%0:00
2Cam YorkDamon Severson113300%0:00
Penalty Kill 4 Players Forward
Line #CenterWingPHYDFOFWanted %Time %Time Play
1Isac LundestromJoel Armia13160100%0:12
2Adam LowrySimon Holmstrom131400%0:00
Penalty Kill 4 Players Defense
Line #DefenseDefensePHYDFOFWanted %Time %Time Play
1Cam YorkZach Bogosian14060100%0:12
2Kris LetangDamon Severson140400%0:00
Penalty Kill 3 Players
Line #WingPHYDFOFWanted %Time %Time PlayDefenseDefensePHYDFOFWanted %Time %Time Play
1Isac Lundestrom140600%0:00 Cam YorkZach Bogosian140600%0:00
2Adam Lowry140400%0:00 Kris LetangDamon Severson140400%0:00
4 vs 4 Forward
Line #CenterWingPHYDFOFWanted %Time %Time Play
1Joel Eriksson EkJake Guentzel122600%0:00
2Elias PetterssonKirill Kaprizov122400%0:00
4 vs 4 Defense
Line #DefensePHYDFOFWanted %Time %Time Play
1Oliver Ekman-LarssonDamon Severson122600%0:00
2Zach BogosianKris Letang122400%0:00
Last Minutes Offensive
Left WingCenterRight WingDefenseDefense
Jake GuentzelElias PetterssonKirill KaprizovOliver Ekman-LarssonKris Letang
Last Minutes Defensive
Left WingCenterRight WingDefenseDefense
Isac LundestromJoel Eriksson EkJoel ArmiaZach BogosianCam York
Time
Total ForwardTotal DefenseLast Minutes OffensiveLast Minutes Defensive
60:00 60:00 0:000:00
Extra Forwards
Normal PowerPlayPenalty Kill
Jake Guentzel, Joel Eriksson Ek, Elias PetterssonJoel Eriksson Ek, Jake GuentzelJoel Armia
Extra Defensemen
Normal PowerPlayPenalty Kill
Oliver Ekman-Larsson, Damon Severson, Kris LetangKris Letang, Zach BogosianDamon Severson
Penalty Shots
Jake Guentzel, Kirill Kaprizov, Elias Pettersson, Jake Neighbours, Simon Holmstrom
Goalie
Sam Montembeault, Matt Murray
Custom OT Lines Forwards
Jake Guentzel, Kirill Kaprizov, Elias Pettersson, Joel Eriksson Ek, Jake Neighbours, Kyle Palmieri, Adam Fantilli, Adam Lowry, Simon Holmstrom, Isac Lundestrom
Custom OT Lines Defensemen
Oliver Ekman-Larsson, Cam York, Kris Letang, Damon Severson, Zach Bogosian
Scratches
P.O Joseph (Healthy)

Flyers

5 vs 5 Forward
Line #Left WingCenterRight WingPHYDFOFWanted %Time %Time Play
1Wyatt JohnstonLeon DraisaitlJJ Peterka0143332%19:03
2Dylan HollowayDylan CozensDylan Guenther0143130%18:05
3Drew O'ConnorMarco KasperSam Colangelo0232424%14:04
4Calle JarnkrokScott LaughtonDryden Hunt0231214%8:36
5 vs 5 Defense
Line #DefenseDefensePHYDFOFWanted %Time %Time Play
1MacKenzie WeegarJackson LaCombe0143838%23:01
2Brock FaberKaiden Guhle0143535%20:47
3John MarinoDenton Mateychuk0232727%16:00
4MacKenzie WeegarJackson LaCombe02300%0:00
Power Play Forward
Line #Left WingCenterRight WingPHYDFOFWanted %Time %Time Play
1Wyatt JohnstonLeon DraisaitlJJ Peterka00555100%0:12
2Dylan HollowayDylan CozensDylan Guenther005450%0:00
Power Play Defense
Line #DefenseDefensePHYDFOFWanted %Time %Time Play
1MacKenzie WeegarJackson LaCombe023570%0:00
2Brock FaberKaiden Guhle02343100%0:12
Penalty Kill 4 Players Forward
Line #CenterWingPHYDFOFWanted %Time %Time Play
1Scott LaughtonDrew O'Connor050540%0:00
2Wyatt JohnstonCalle Jarnkrok050460%0:00
Penalty Kill 4 Players Defense
Line #DefenseDefensePHYDFOFWanted %Time %Time Play
1MacKenzie WeegarJackson LaCombe050550%0:00
2Brock FaberKaiden Guhle050450%0:00
Penalty Kill 3 Players
Line #WingPHYDFOFWanted %Time %Time PlayDefenseDefensePHYDFOFWanted %Time %Time Play
1Scott Laughton050540%0:00 MacKenzie WeegarJackson LaCombe050550%0:00
2Calle Jarnkrok050460%0:00 Brock FaberKaiden Guhle050450%0:00
4 vs 4 Forward
Line #CenterWingPHYDFOFWanted %Time %Time Play
1Leon DraisaitlDylan Guenther032550%0:00
2Wyatt JohnstonJJ Peterka032450%0:00
4 vs 4 Defense
Line #DefensePHYDFOFWanted %Time %Time Play
1MacKenzie WeegarJackson LaCombe032600%0:00
2Brock FaberKaiden Guhle032400%0:00
Last Minutes Offensive
Left WingCenterRight WingDefenseDefense
Dylan GuentherLeon DraisaitlWyatt JohnstonMacKenzie WeegarJackson LaCombe
Last Minutes Defensive
Left WingCenterRight WingDefenseDefense
Dylan GuentherLeon DraisaitlWyatt JohnstonMacKenzie WeegarJackson LaCombe
Time
Total ForwardTotal DefenseLast Minutes OffensiveLast Minutes Defensive
60:00 60:00 0:000:00
Extra Forwards
Normal PowerPlayPenalty Kill
Marco Kasper, Scott Laughton, Drew O'ConnorMarco Kasper, Sam ColangeloLeon Draisaitl
Extra Defensemen
Normal PowerPlayPenalty Kill
Kaiden Guhle, Brock Faber, Denton MateychukKaiden Guhle, MacKenzie WeegarDenton Mateychuk
Penalty Shots
JJ Peterka, Leon Draisaitl, Wyatt Johnston, Dylan Holloway, Dylan Guenther
Goalie
Juuse Saros, Casey DeSmith
Custom OT Lines Forwards
Leon Draisaitl, Wyatt Johnston, Dylan Guenther, JJ Peterka, Dylan Cozens, Dylan Holloway, Scott Laughton, Drew O'Connor, Marco Kasper, Calle Jarnkrok
Custom OT Lines Defensemen
MacKenzie Weegar, Jackson LaCombe, Brock Faber, Kaiden Guhle, Denton Mateychuk
Scratches
None


Play-by-Play

1st period


0:01 of 1st period - Leon Draisaitl wins face-off versus Adam Fantilli in neutral zone.
0:04 of 1st period - Snap shot by Leon Draisaitl.
0:04 of 1st period - Stopped by Sam Montembeault with a rebound.
0:06 of 1st period - Wrist shot by JJ Peterka.
0:06 of 1st period - Shot Misses the Net.
0:10 of 1st period - Backhand shot by Leon Draisaitl.
0:10 of 1st period - Shot Misses the Net.
0:14 of 1st period - Slapshot by Leon Draisaitl.
0:14 of 1st period - Shot Misses the Net.
0:16 of 1st period - Snap shot by Wyatt Johnston.
0:16 of 1st period - Stopped by Sam Montembeault with a rebound.
0:50 of 1st period - Snap shot by Sam Colangelo.
0:50 of 1st period - Shot Misses the Net.
0:52 of 1st period - Snap shot by Drew O'Connor.
0:52 of 1st period - Shot Blocked by Kris Letang.
0:54 of 1st period - Snap shot by Marco Kasper.
0:54 of 1st period - Shot Blocked by Kris Letang.
0:56 of 1st period - Wrist shot by Marco Kasper.
0:56 of 1st period - Shot Misses the Net.
1:48 of 1st period - Snap shot by Leon Draisaitl.
1:48 of 1st period - Goal by Leon Draisaitl - Capitals : 0 - Flyers : 1.
1:49 of 1st period - Marco Kasper wins face-off versus Jake Guentzel in neutral zone.
1:57 of 1st period - Slapshot by Sam Colangelo.
1:57 of 1st period - Shot Blocked by Kyle Palmieri.
1:59 of 1st period - Slapshot by John Marino.
1:59 of 1st period - Shot Blocked by Cam York.
2:01 of 1st period - Snap shot by John Marino.
2:01 of 1st period - Deflect By Sam Colangelo.
2:01 of 1st period - Stopped by Sam Montembeault without a rebound.
2:02 of 1st period - Leon Draisaitl wins face-off versus Adam Lowry in Capitals zone.
2:28 of 1st period - Denton Mateychuk is hit by Lian Bichsel and loses puck.
3:12 of 1st period - Wrist shot by Arttu Hyry.
3:12 of 1st period - Stopped by Juuse Saros with a rebound.
3:14 of 1st period - Snap shot by Joel Armia.
3:14 of 1st period - Stopped by Juuse Saros without a rebound.
3:15 of 1st period - Scott Laughton wins face-off versus Isac Lundestrom in Flyers zone.
3:36 of 1st period - Snap shot by Joel Armia.
3:36 of 1st period - Stopped by Juuse Saros without a rebound.
3:37 of 1st period - Wyatt Johnston wins face-off versus Adam Lowry in Flyers zone.
4:07 of 1st period - Snap shot by Dylan Guenther.
4:07 of 1st period - Stopped by Sam Montembeault with a rebound.
4:09 of 1st period - Snap shot by Brock Faber.
4:09 of 1st period - Shot Blocked by Kyle Palmieri.
4:37 of 1st period - Slapshot by Sam Colangelo.
4:37 of 1st period - Stopped by Sam Montembeault without a rebound.
4:38 of 1st period - Adam Lowry wins face-off versus Leon Draisaitl in Capitals zone.
5:07 of 1st period - Snap shot by Kyle Palmieri.
5:07 of 1st period - Shot Misses the Net.
5:09 of 1st period - Backhand shot by Kyle Palmieri.
5:09 of 1st period - Stopped by Juuse Saros with a rebound.
5:11 of 1st period - Snap shot by Kyle Palmieri.
5:11 of 1st period - Stopped by Juuse Saros without a rebound.
5:12 of 1st period - Marco Kasper wins face-off versus Jake Guentzel in Flyers zone.
6:02 of 1st period - Zach Bogosian is hit by Leon Draisaitl and loses puck.
6:19 of 1st period - Wrist shot by Isac Lundestrom.
6:19 of 1st period - Shot Misses the Net.
6:21 of 1st period - Snap shot by Isac Lundestrom.
6:21 of 1st period - Stopped by Juuse Saros with a rebound.
6:40 of 1st period - Snap shot by Joel Eriksson Ek.
6:40 of 1st period - Shot Blocked by Kaiden Guhle.
6:42 of 1st period - Snap shot by Elias Pettersson.
6:42 of 1st period - Shot Misses the Net.
6:50 of 1st period - Wrist shot by Joel Eriksson Ek.
6:50 of 1st period - Shot Misses the Net.
6:52 of 1st period - Slapshot by Joel Eriksson Ek.
6:52 of 1st period - Shot Misses the Net.
7:04 of 1st period - Cam York is hit by Brock Faber.
7:12 of 1st period - Slapshot by Dylan Cozens.
7:12 of 1st period - Stopped by Sam Montembeault without a rebound.
7:13 of 1st period - Leon Draisaitl wins face-off versus Adam Fantilli in Capitals zone.
7:22 of 1st period - Snap shot by Leon Draisaitl.
7:22 of 1st period - Shot Misses the Net.
7:27 of 1st period - Off-side.
7:28 of 1st period - Adam Lowry wins face-off versus Marco Kasper in neutral zone.
7:40 of 1st period - Snap shot by Sam Colangelo.
7:40 of 1st period - Shot Misses the Net.
8:21 of 1st period - Snap shot by Kirill Kaprizov.
8:21 of 1st period - Deflect By Jake Guentzel.
8:21 of 1st period - Shot Blocked by Dylan Cozens.
8:21 of 1st period - Puck is out of play.
8:22 of 1st period - Jake Guentzel wins face-off versus Dylan Cozens in Flyers zone.
8:25 of 1st period - Wrist shot by Kirill Kaprizov.
8:25 of 1st period - Stopped by Juuse Saros with a rebound.
8:33 of 1st period - Slapshot by Dylan Guenther.
8:33 of 1st period - Deflect By Dylan Cozens.
8:33 of 1st period - Shot Blocked by Cam York.
8:33 of 1st period - Puck is out of play.
8:34 of 1st period - Leon Draisaitl wins face-off versus Adam Lowry in Capitals zone.
9:18 of 1st period - Snap shot by Dylan Cozens.
9:18 of 1st period - Stopped by Sam Montembeault with a rebound.
9:20 of 1st period - Wrist shot by Dylan Holloway.
9:20 of 1st period - Goal by Dylan Holloway - Capitals : 0 - Flyers : 2.
9:21 of 1st period - Dylan Cozens wins face-off versus Jake Guentzel in neutral zone.
9:26 of 1st period - Wrist shot by Dylan Holloway.
9:26 of 1st period - Shot Misses the Net.
12:08 of 1st period - Wrist shot by Dylan Guenther.
12:08 of 1st period - Deflect By Dylan Cozens.
12:08 of 1st period - Shot Misses the Net.
12:08 of 1st period - Puck is out of play.
12:09 of 1st period - Adam Lowry wins face-off versus Dylan Cozens in Capitals zone.
12:16 of 1st period - Snap shot by Jake Neighbours.
12:16 of 1st period - Shot Misses the Net.
12:18 of 1st period - Snap shot by Jake Neighbours.
12:18 of 1st period - Stopped by Juuse Saros with a rebound.
12:20 of 1st period - Snap shot by Adam Lowry.
12:20 of 1st period - Stopped by Juuse Saros with a rebound.
12:22 of 1st period - Snap shot by Simon Holmstrom.
12:22 of 1st period - Shot Misses the Net.
12:24 of 1st period - Slapshot by Kris Letang.
12:24 of 1st period - Shot Misses the Net.
12:45 of 1st period - Snap shot by Leon Draisaitl.
12:45 of 1st period - Deflect By JJ Peterka.
12:45 of 1st period - Shot Misses the Net.
12:45 of 1st period - Puck is out of play.
12:46 of 1st period - Marco Kasper wins face-off versus Adam Lowry in Capitals zone.
13:11 of 1st period - Denton Mateychuk is hit by Oliver Ekman-Larsson and loses puck.
13:19 of 1st period - Off-side.
13:20 of 1st period - Adam Fantilli wins face-off versus Dylan Cozens in neutral zone.
14:11 of 1st period - Kirill Kaprizov is hit by Wyatt Johnston and loses puck.
14:34 of 1st period - Wrist shot by Sam Colangelo.
14:34 of 1st period - Deflect By Drew O'Connor.
14:34 of 1st period - Shot Blocked by Joel Armia.
14:34 of 1st period - Puck is out of play.
14:35 of 1st period - Marco Kasper wins face-off versus Arttu Hyry in Capitals zone.
15:12 of 1st period - Snap shot by Arttu Hyry.
15:12 of 1st period - Shot Misses the Net.
15:14 of 1st period - Snap shot by Isac Lundestrom.
15:14 of 1st period - Shot Blocked by Brock Faber.
15:16 of 1st period - Snap shot by Joel Armia.
15:16 of 1st period - Shot Misses the Net.
15:18 of 1st period - Wrist shot by Kris Letang.
15:18 of 1st period - Shot Blocked by Leon Draisaitl.
15:20 of 1st period - Slapshot by Damon Severson.
15:20 of 1st period - Deflect By Leon Draisaitl.
15:20 of 1st period - Stopped by Juuse Saros with a rebound.
15:36 of 1st period - Joel Armia is hit by Kaiden Guhle and loses puck.
15:58 of 1st period - Snap shot by JJ Peterka.
15:58 of 1st period - Shot Misses the Net.
16:28 of 1st period - Wrist shot by Wyatt Johnston.
16:28 of 1st period - Stopped by Sam Montembeault with a rebound.
17:07 of 1st period - Wrist shot by Arttu Hyry.
17:07 of 1st period - Stopped by Juuse Saros without a rebound.
17:08 of 1st period - Dylan Cozens wins face-off versus Adam Fantilli in Flyers zone.
17:08 of 1st period - Dylan Cozens is hit by Joel Eriksson Ek.
17:34 of 1st period - Jake Guentzel is hit by Denton Mateychuk and loses puck.
17:57 of 1st period - Kris Letang is hit by Calle Jarnkrok and loses puck.
18:41 of 1st period - Wrist shot by Kirill Kaprizov.
18:41 of 1st period - Shot Misses the Net.
18:43 of 1st period - Snap shot by Jake Guentzel.
18:43 of 1st period - Stopped by Juuse Saros without a rebound.
18:44 of 1st period - Dylan Cozens wins face-off versus Adam Fantilli in Flyers zone.
18:53 of 1st period - Wrist shot by Dylan Guenther.
18:53 of 1st period - Stopped by Sam Montembeault with a rebound.
18:59 of 1st period - Dylan Cozens is hit by Oliver Ekman-Larsson and loses puck.
19:10 of 1st period - Simon Holmstrom is hit by MacKenzie Weegar.
19:16 of 1st period - Kaiden Guhle is hit by Jake Neighbours.
19:31 of 1st period - Backhand shot by Drew O'Connor.
19:31 of 1st period - Stopped by Sam Montembeault without a rebound.
19:32 of 1st period - Adam Fantilli wins face-off versus Drew O'Connor in Capitals zone.
19:32 of 1st period - Adam Fantilli is hit by Sam Colangelo.
Goals for this period are 0 for Capitals vs 2 for Flyers.
Shots for this period are 12 for Capitals vs 12 for Flyers.

2nd period


0:01 of 2nd period - Joel Eriksson Ek wins face-off versus Dylan Cozens in neutral zone.
0:26 of 2nd period - Kris Letang is hit by Sam Colangelo and loses puck.
0:42 of 2nd period - Icing by Damon Severson.
0:43 of 2nd period - Adam Lowry wins face-off versus Leon Draisaitl in Capitals zone.
2:43 of 2nd period - Wrist shot by Adam Fantilli.
2:43 of 2nd period - Shot Misses the Net.
2:45 of 2nd period - Wrist shot by Simon Holmstrom.
2:45 of 2nd period - Stopped by Juuse Saros with a rebound.
2:47 of 2nd period - Wrist shot by Simon Holmstrom.
2:47 of 2nd period - Shot Misses the Net.
2:49 of 2nd period - Slapshot by Cam York.
2:49 of 2nd period - Stopped by Juuse Saros without a rebound.
2:50 of 2nd period - Marco Kasper wins face-off versus Jake Guentzel in Flyers zone.
2:59 of 2nd period - Kyle Palmieri is hit by Jackson LaCombe and loses puck.
3:47 of 2nd period - Wyatt Johnston is hit by Zach Bogosian and loses puck.
4:11 of 2nd period - Isac Lundestrom is hit by Kaiden Guhle and loses puck.
4:44 of 2nd period - Lian Bichsel is hit by Dylan Cozens and loses puck.
4:51 of 2nd period - Snap shot by Dylan Guenther.
4:51 of 2nd period - Shot Hit the Post.
4:53 of 2nd period - Slapshot by Jackson LaCombe.
4:53 of 2nd period - Shot Blocked by Lian Bichsel.
5:07 of 2nd period - Wrist shot by Joel Eriksson Ek.
5:07 of 2nd period - Stopped by Juuse Saros with a rebound.
5:13 of 2nd period - Elias Pettersson is hit by Leon Draisaitl and loses puck.
5:34 of 2nd period - Snap shot by Scott Laughton.
5:34 of 2nd period - Shot Misses the Net.
5:50 of 2nd period - Snap shot by Adam Lowry.
5:50 of 2nd period - Shot Blocked by Kaiden Guhle.
5:56 of 2nd period - Slapshot by Simon Holmstrom.
5:56 of 2nd period - Stopped by Juuse Saros with a rebound.
5:58 of 2nd period - Slapshot by Lian Bichsel.
5:58 of 2nd period - Stopped by Juuse Saros with a rebound.
6:21 of 2nd period - Snap shot by Jake Neighbours.
6:21 of 2nd period - Goal by Jake Neighbours - Capitals : 1 - Flyers : 2.
6:22 of 2nd period - Jake Guentzel wins face-off versus Dylan Holloway in neutral zone.
6:25 of 2nd period - Wrist shot by Dylan Guenther.
6:25 of 2nd period - Shot Blocked by Kirill Kaprizov.
6:27 of 2nd period - Slapshot by Jackson LaCombe.
6:27 of 2nd period - Shot Blocked by Damon Severson.
6:29 of 2nd period - Wrist shot by Dylan Cozens.
6:29 of 2nd period - Shot Blocked by Kris Letang.
6:37 of 2nd period - Kirill Kaprizov is hit by Dylan Cozens and loses puck.
6:48 of 2nd period - Wyatt Johnston is hit by Adam Fantilli and loses puck.
7:01 of 2nd period - Slapshot by Elias Pettersson.
7:01 of 2nd period - Shot Blocked by Jackson LaCombe.
7:17 of 2nd period - Marco Kasper is hit by Joel Armia.
7:22 of 2nd period - Off-side.
7:23 of 2nd period - Dylan Cozens wins face-off versus Jake Guentzel in neutral zone.
7:38 of 2nd period - Snap shot by Dylan Holloway.
7:38 of 2nd period - Shot Blocked by Kris Letang.
7:50 of 2nd period - Slapshot by Joel Eriksson Ek.
7:50 of 2nd period - Shot Blocked by John Marino.
8:16 of 2nd period - Sam Colangelo is hit by Jake Neighbours.
8:40 of 2nd period - Off-side.
8:41 of 2nd period - Adam Fantilli wins face-off versus Dylan Cozens in neutral zone.
8:56 of 2nd period - Wrist shot by Adam Fantilli.
8:56 of 2nd period - Stopped by Juuse Saros without a rebound.
8:57 of 2nd period - Jake Guentzel wins face-off versus Leon Draisaitl in Flyers zone.
9:33 of 2nd period - Snap shot by Elias Pettersson.
9:33 of 2nd period - Stopped by Juuse Saros with a rebound.
9:35 of 2nd period - Slapshot by Oliver Ekman-Larsson.
9:35 of 2nd period - Shot Misses the Net.
9:51 of 2nd period - Kaiden Guhle is hit by Oliver Ekman-Larsson and loses puck.
10:31 of 2nd period - Icing by Kyle Palmieri.
10:32 of 2nd period - Jake Guentzel wins face-off versus Leon Draisaitl in Capitals zone.
10:37 of 2nd period - Jake Guentzel is hit by JJ Peterka and loses puck.
10:58 of 2nd period - Wrist shot by Leon Draisaitl.
10:58 of 2nd period - Stopped by Sam Montembeault without a rebound.
10:59 of 2nd period - Dylan Cozens wins face-off versus Adam Fantilli in Capitals zone.
11:04 of 2nd period - Wrist shot by Dylan Holloway.
11:04 of 2nd period - Shot Misses the Net.
11:06 of 2nd period - Wrist shot by Dylan Guenther.
11:06 of 2nd period - Stopped by Sam Montembeault with a rebound.
11:08 of 2nd period - Snap shot by Dylan Holloway.
11:08 of 2nd period - Stopped by Sam Montembeault with a rebound.
12:16 of 2nd period - Wrist shot by Dylan Guenther.
12:16 of 2nd period - Shot Misses the Net.
13:08 of 2nd period - Snap shot by JJ Peterka.
13:08 of 2nd period - Shot Misses the Net.
13:10 of 2nd period - Snap shot by JJ Peterka.
13:10 of 2nd period - Stopped by Sam Montembeault with a rebound.
13:12 of 2nd period - Slapshot by John Marino.
13:12 of 2nd period - Stopped by Sam Montembeault with a rebound.
13:14 of 2nd period - Wrist shot by Wyatt Johnston.
13:14 of 2nd period - Shot Blocked by Cam York.
13:32 of 2nd period - Wrist shot by Drew O'Connor.
13:32 of 2nd period - Shot Misses the Net.
13:34 of 2nd period - Slapshot by Sam Colangelo.
13:34 of 2nd period - Shot Misses the Net.
13:36 of 2nd period - Slapshot by MacKenzie Weegar.
13:36 of 2nd period - Stopped by Sam Montembeault with a rebound.
13:45 of 2nd period - Off-side.
13:46 of 2nd period - Dylan Cozens wins face-off versus Isac Lundestrom in neutral zone.
14:12 of 2nd period - Icing by Leon Draisaitl.
14:13 of 2nd period - Leon Draisaitl wins face-off versus Adam Fantilli in Flyers zone.
14:18 of 2nd period - Wrist shot by Leon Draisaitl.
14:18 of 2nd period - Stopped by Sam Montembeault with a rebound.
14:50 of 2nd period - Slapshot by Dylan Holloway.
14:50 of 2nd period - Stopped by Sam Montembeault without a rebound.
14:51 of 2nd period - Marco Kasper wins face-off versus Jake Guentzel in Capitals zone.
15:18 of 2nd period - Dylan Holloway is hit by Elias Pettersson and loses puck.
15:39 of 2nd period - Slapshot by Leon Draisaitl.
15:39 of 2nd period - Stopped by Sam Montembeault with a rebound.
15:41 of 2nd period - Minor Penalty to Jake Neighbours for Slashing.
15:42 of 2nd period - Isac Lundestrom wins face-off versus Leon Draisaitl in Capitals zone.
15:53 of 2nd period - Slapshot by Wyatt Johnston.
15:53 of 2nd period - Goal by Wyatt Johnston - Capitals : 1 - Flyers : 3.
15:54 of 2nd period - Leon Draisaitl wins face-off versus Adam Lowry in neutral zone.
16:01 of 2nd period - Snap shot by Wyatt Johnston.
16:01 of 2nd period - Stopped by Sam Montembeault with a rebound.
16:03 of 2nd period - Backhand shot by MacKenzie Weegar.
16:03 of 2nd period - Stopped by Sam Montembeault with a rebound.
16:09 of 2nd period - Slapshot by Wyatt Johnston.
16:09 of 2nd period - Stopped by Sam Montembeault with a rebound.
16:11 of 2nd period - Slapshot by Leon Draisaitl.
16:11 of 2nd period - Stopped by Sam Montembeault with a rebound.
16:18 of 2nd period - Icing by Damon Severson.
16:19 of 2nd period - Dylan Cozens wins face-off versus Adam Lowry in Capitals zone.
16:26 of 2nd period - Slapshot by Dylan Guenther.
16:26 of 2nd period - Shot Blocked by Kris Letang.
16:44 of 2nd period - Backhand shot by MacKenzie Weegar.
16:44 of 2nd period - Shot Misses the Net.
17:12 of 2nd period - Wrist shot by Kirill Kaprizov.
17:12 of 2nd period - Stopped by Juuse Saros without a rebound.
17:13 of 2nd period - Dylan Cozens wins face-off versus Jake Guentzel in Flyers zone.
17:38 of 2nd period - Leon Draisaitl is hit by Joel Eriksson Ek and loses puck.
17:45 of 2nd period - Wrist shot by Joel Eriksson Ek.
17:45 of 2nd period - Stopped by Juuse Saros without a rebound.
17:46 of 2nd period - Marco Kasper wins face-off versus Adam Fantilli in Flyers zone.
17:53 of 2nd period - Slapshot by Cam York.
17:53 of 2nd period - Deflect By Joel Eriksson Ek.
17:53 of 2nd period - Stopped by Juuse Saros with a rebound.
18:10 of 2nd period - Icing by Jackson LaCombe.
18:11 of 2nd period - Marco Kasper wins face-off versus Jake Guentzel in Flyers zone.
19:30 of 2nd period - Slapshot by Joel Armia.
19:30 of 2nd period - Shot Misses the Net.
19:34 of 2nd period - Wrist shot by Arttu Hyry.
19:34 of 2nd period - Stopped by Juuse Saros with a rebound.
Goals for this period are 1 for Capitals vs 1 for Flyers.
Shots for this period are 12 for Capitals vs 14 for Flyers.

3rd period


0:01 of 3rd period - Adam Lowry wins face-off versus Dylan Cozens in neutral zone.
1:32 of 3rd period - Dylan Guenther is hit by Adam Lowry and loses puck.
1:56 of 3rd period - Icing by Denton Mateychuk.
1:57 of 3rd period - Isac Lundestrom wins face-off versus Dylan Cozens in Flyers zone.
2:48 of 3rd period - Snap shot by Marco Kasper.
2:48 of 3rd period - Shot Misses the Net.
2:50 of 3rd period - Wrist shot by Sam Colangelo.
2:50 of 3rd period - Stopped by Sam Montembeault without a rebound.
2:51 of 3rd period - Marco Kasper wins face-off versus Adam Lowry in Capitals zone.
2:52 of 3rd period - Snap shot by Drew O'Connor.
2:52 of 3rd period - Stopped by Sam Montembeault with a rebound.
3:13 of 3rd period - Off-side.
3:14 of 3rd period - Leon Draisaitl wins face-off versus Elias Pettersson in neutral zone.
3:21 of 3rd period - Off-side.
3:22 of 3rd period - Leon Draisaitl wins face-off versus Adam Fantilli in neutral zone.
3:33 of 3rd period - Wrist shot by JJ Peterka.
3:33 of 3rd period - Shot Misses the Net.
3:47 of 3rd period - Wrist shot by Joel Eriksson Ek.
3:47 of 3rd period - Stopped by Juuse Saros without a rebound.
3:48 of 3rd period - Dylan Cozens wins face-off versus Jake Guentzel in Flyers zone.
4:59 of 3rd period - Snap shot by Isac Lundestrom.
4:59 of 3rd period - Shot Misses the Net.
5:17 of 3rd period - Slapshot by Brock Faber.
5:17 of 3rd period - Shot Misses the Net.
5:27 of 3rd period - Icing by Dylan Holloway.
5:28 of 3rd period - Adam Fantilli wins face-off versus Dylan Cozens in Flyers zone.
5:59 of 3rd period - Snap shot by Dylan Guenther.
5:59 of 3rd period - Stopped by Sam Montembeault without a rebound.
6:00 of 3rd period - Leon Draisaitl wins face-off versus Simon Holmstrom in Capitals zone.
6:07 of 3rd period - Snap shot by JJ Peterka.
6:07 of 3rd period - Deflect By Leon Draisaitl.
6:07 of 3rd period - Shot Blocked by Kris Letang.
6:07 of 3rd period - Puck is out of play.
6:08 of 3rd period - Adam Lowry wins face-off versus JJ Peterka in Capitals zone.
6:08 of 3rd period - Adam Lowry is hit by MacKenzie Weegar.
6:14 of 3rd period - Backhand shot by Damon Severson.
6:14 of 3rd period - Deflect By Simon Holmstrom.
6:14 of 3rd period - Shot Misses the Net.
6:14 of 3rd period - Puck is out of play.
6:15 of 3rd period - Jake Guentzel wins face-off versus Leon Draisaitl in Flyers zone.
7:34 of 3rd period - Wrist shot by Kirill Kaprizov.
7:34 of 3rd period - Shot Blocked by Jackson LaCombe.
7:36 of 3rd period - Snap shot by Jake Guentzel.
7:36 of 3rd period - Stopped by Juuse Saros with a rebound.
7:38 of 3rd period - Snap shot by Kyle Palmieri.
7:38 of 3rd period - Shot Misses the Net.
7:40 of 3rd period - Slapshot by Kris Letang.
7:40 of 3rd period - Deflect By Jake Guentzel.
7:40 of 3rd period - Shot Misses the Net.
7:40 of 3rd period - Puck is out of play.
7:41 of 3rd period - Dylan Cozens wins face-off versus Elias Pettersson in Flyers zone.
7:41 of 3rd period - Dylan Cozens is hit by Kris Letang.
8:16 of 3rd period - Snap shot by Drew O'Connor.
8:16 of 3rd period - Shot Misses the Net.
8:18 of 3rd period - Snap shot by Sam Colangelo.
8:18 of 3rd period - Goal by Sam Colangelo - Capitals : 1 - Flyers : 4.
8:19 of 3rd period - Dylan Cozens wins face-off versus Jake Neighbours in neutral zone.
8:31 of 3rd period - Snap shot by Dylan Holloway.
8:31 of 3rd period - Stopped by Sam Montembeault with a rebound.
9:13 of 3rd period - Off-side.
9:14 of 3rd period - Dylan Cozens wins face-off versus Adam Lowry in neutral zone.
10:17 of 3rd period - JJ Peterka is hit by Adam Fantilli and loses puck.
10:36 of 3rd period - Slapshot by MacKenzie Weegar.
10:36 of 3rd period - Shot Blocked by Oliver Ekman-Larsson.
10:38 of 3rd period - Slapshot by Scott Laughton.
10:38 of 3rd period - Shot Misses the Net.
10:48 of 3rd period - Denton Mateychuk is hit by Jake Neighbours and loses puck.
10:55 of 3rd period - Snap shot by Jake Neighbours.
10:55 of 3rd period - Deflect By Simon Holmstrom.
10:55 of 3rd period - Shot Misses the Net.
10:55 of 3rd period - Puck is out of play.
10:56 of 3rd period - Marco Kasper wins face-off versus Jake Guentzel in Flyers zone.
11:23 of 3rd period - Lian Bichsel is hit by Dylan Cozens and loses puck.
11:32 of 3rd period - Snap shot by Cam York.
11:32 of 3rd period - Stopped by Juuse Saros with a rebound.
11:34 of 3rd period - Backhand shot by Joel Eriksson Ek.
11:34 of 3rd period - Shot Blocked by Denton Mateychuk.
11:48 of 3rd period - Snap shot by Simon Holmstrom.
11:48 of 3rd period - Shot Blocked by Wyatt Johnston.
11:50 of 3rd period - Snap shot by Jake Neighbours.
11:50 of 3rd period - Stopped by Juuse Saros with a rebound.
11:52 of 3rd period - Snap shot by Adam Lowry.
11:52 of 3rd period - Stopped by Juuse Saros without a rebound.
11:53 of 3rd period - Dylan Cozens wins face-off versus Jake Guentzel in Flyers zone.
11:58 of 3rd period - Jake Guentzel is hit by Dylan Holloway and loses puck.
12:44 of 3rd period - Dryden Hunt is hit by Oliver Ekman-Larsson and loses puck.
13:09 of 3rd period - Snap shot by Jackson LaCombe.
13:09 of 3rd period - Shot Blocked by Joel Eriksson Ek.
13:55 of 3rd period - Slapshot by Joel Eriksson Ek.
13:55 of 3rd period - Shot Misses the Net.
13:57 of 3rd period - Snap shot by Joel Eriksson Ek.
13:57 of 3rd period - Deflect By Jackson LaCombe.
13:57 of 3rd period - Shot Misses the Net.
13:57 of 3rd period - Puck is out of play.
13:58 of 3rd period - Marco Kasper wins face-off versus Adam Lowry in Flyers zone.
14:08 of 3rd period - Snap shot by Simon Holmstrom.
14:08 of 3rd period - Stopped by Juuse Saros without a rebound.
14:09 of 3rd period - Adam Lowry wins face-off versus Dylan Cozens in Flyers zone.
14:40 of 3rd period - Wrist shot by JJ Peterka.
14:40 of 3rd period - Shot Blocked by Damon Severson.
15:09 of 3rd period - Snap shot by Marco Kasper.
15:09 of 3rd period - Shot Blocked by Kris Letang.
15:11 of 3rd period - Wrist shot by Marco Kasper.
15:11 of 3rd period - Stopped by Sam Montembeault with a rebound.
15:21 of 3rd period - Kris Letang is hit by Denton Mateychuk and loses puck.
15:42 of 3rd period - MacKenzie Weegar is hit by Isac Lundestrom and loses puck.
15:57 of 3rd period - Jake Guentzel is hit by Jackson LaCombe and loses puck.
16:10 of 3rd period - Slapshot by Kirill Kaprizov.
16:10 of 3rd period - Shot Misses the Net.
17:05 of 3rd period - Oliver Ekman-Larsson is hit by Sam Colangelo and loses puck.
17:20 of 3rd period - Lian Bichsel is hit by Dryden Hunt and loses puck.
17:35 of 3rd period - Dylan Holloway is hit by Adam Lowry.
18:00 of 3rd period - Wyatt Johnston is hit by Jake Guentzel.
18:21 of 3rd period - Snap shot by Marco Kasper.
18:21 of 3rd period - Deflect By Sam Colangelo.
18:21 of 3rd period - Shot Misses the Net.
18:21 of 3rd period - Puck is out of play.
18:22 of 3rd period - Dylan Cozens wins face-off versus Adam Fantilli in Capitals zone.
18:32 of 3rd period - Off-side.
18:33 of 3rd period - Leon Draisaitl wins face-off versus Jake Guentzel in neutral zone.
19:00 of 3rd period - Brock Faber is hit by Zach Bogosian.
19:22 of 3rd period - Snap shot by Marco Kasper.
19:22 of 3rd period - Shot Blocked by Kris Letang.
19:30 of 3rd period - Snap shot by MacKenzie Weegar.
19:30 of 3rd period - Shot Misses the Net.
19:51 of 3rd period - Wrist shot by Kris Letang.
19:51 of 3rd period - Stopped by Juuse Saros without a rebound.
19:52 of 3rd period - Isac Lundestrom wins face-off versus Leon Draisaitl in Flyers zone.
Goals for this period are 0 for Capitals vs 1 for Flyers.
Shots for this period are 7 for Capitals vs 6 for Flyers.